 Dungeon Crawl Stone Soup version 0.23.2 (webtiles) character file.

Game seed: 5224432049090905974

8859 Borgoz the Slicer (level 11, -4/88 (89) HPs)
             Began as a Ghoul Assassin on Apr 4, 2019.
             Was a Believer of Ashenzari.
             Killed from afar by a gargoyle (22 damage)
             ... with a stone arrow
             ... on level 10 of the Dungeon.
             The game lasted 00:31:33 (12341 turns).

Borgoz the Slicer (Ghoul Assassin)                 Turns: 12341, Time: 00:31:34

HP:   -4/88 (89)    AC: 12    Str: 16    XL:     11   Next: 37%
MP:   0/11          EV: 15    Int:  6    God:    Ashenzari [**....]
Gold: 412           SH:  0    Dex: 11    Spells: 10/10 levels left

rFire    + + +     SeeInvis +   b - +2 short sword (venom)
rCold    + . .     Gourm    .   (no shield)
rNeg     + + +     Faith    .   s - +1 ring mail of Roaxuexi {rF+++ Int-2 Slay+3 SInv Stlth-} (curse)
rPois    ∞         Spirit   +   (no helmet)
rElec    .         Reflect  .   d - +0 cloak
rCorr    .         Harm     .   (no gloves)
MR       .....                  w - +2 pair of boots (curse)
Stlth    ++........             r - amulet of guardian spirit (curse)
HPRegen  0.00/turn              v - ring of protection from fire
MPRegen  0.12/turn              (no ring)

@: rotting
A: rotting body, claws 1, carnivore, cold resistance 1, negative energy
resistance 3, inhibited regeneration, torment resistance, unbreathing
a: Curse Item, Scrying, Renounce Religion


You were on level 10 of the Dungeon.
You worshipped Ashenzari.
Ashenzari was pleased with you.
You were very hungry.

You visited 2 branches of the dungeon, and saw 11 of its levels.
You also visited: Sewer and Ossuary.

You collected 520 gold pieces.
You spent 108 gold pieces at shops.

Inventory:

Hand Weapons
 a - a +3 dagger
 b - a +2 short sword of venom (weapon)
 i - a +1 dagger of freezing
 z - a +0 rapier
 G - a +0 blowgun
Missiles
 e - 38 poisoned needles
 f - 9 curare-tipped needles
 A - 5 tomahawks (quivered)
Armour
 d - a +0 cloak (worn)
 s - the cursed +1 ring mail of Roaxuexi (worn) {rF+++ Int-2 Slay+3 SInv Stlth-}
   (You found it on level 6 of the Dungeon)

   It affects your intelligence (-2).
   It affects your accuracy and damage with ranged weapons and melee attacks
   (+3).
   It renders you almost immune to fire.
   It lets you see invisible.
   It makes you less stealthy.
   It has a curse placed upon it.
 w - a cursed +2 pair of boots (worn)
 y - the +1 plate armour of the Ditch-Digger {rPois rC- Slay+2}
   (You found it on level 6 of the Dungeon)

   It affects your accuracy and damage with ranged weapons and melee attacks
   (+2).
   It makes you vulnerable to cold.
   It protects you from poison.
Jewellery
 r - a cursed amulet of guardian spirit (around neck)
 v - a ring of protection from fire (left claw)
 D - an uncursed ring of wizardry
Wands
 c - a wand of digging (4)
Scrolls
 k - 10 scrolls of teleportation
 l - a scroll of magic mapping
 m - 3 scrolls of remove curse
 n - a scroll of fear
 p - a scroll of fog
 t - 3 scrolls of amnesia
 B - 2 scrolls of enchant weapon
 C - a scroll of enchant armour {unknown}
 H - a scroll of identify
 I - a scroll of blinking {unknown}
Potions
 h - a potion of haste
 q - a potion of curing
 u - a potion of flight
 F - a potion of agility
Comestibles
 g - 14 rations
 j - 5 chunks of flesh


   Skills:
 + Level 5.8 Fighting
 * Level 9.3 Short Blades
 - Level 1.7 Throwing
 * Level 9.0 Armour
 * Level 9.1 Dodging
 + Level 7.2 Stealth
 + Level 1.7 Evocations


You had 10 spell levels left.
You didn't know any spells.
Your spell library contained the following spells:

 Spells                   Type           Power        Failure   Level  Hunger
 Freeze                   Ice            #...         63%         1    ##.....
 Throw Frost              Conj/Ice       #.....       77%         2    ###....
 Ozocubu's Armour         Chrm/Ice       #.......     94%         3    ####...
 Summon Ice Beast         Ice/Summ       #.......     100%        4    #####..
 Throw Icicle             Conj/Ice       #.......     100%        4    #####..


Dungeon Overview and Level Annotations

Branches:
Dungeon (10/15)            Temple (1/1) D:4            Lair (0/6) D:10
    Orc (0/2) D:10

Altars:
Ashenzari
Cheibriados
Dithmenos
Elyvilon
Fedhas
Gozag
Hepliaklqana
Kikubaaqudgha
Makhleb
Nemelex Xobeh
Okawaru
Qazlal
Ru
Sif Muna
Trog
Uskayaw
Vehumet
Wu Jian
Xom
Yredelemnul
Zin
The Shining One

Shops:
D:4 %(==   D:8 %   D:9 ((


Innate Abilities, Weirdness & Mutations

Your body is rotting away.
You thrive on raw meat.
You are immune to poison.
You have sharp fingernails.
You are carnivorous and can eat meat at any time.
Your flesh is cold resistant. (rC+)
You are immune to negative energy. (rN+++)
You do not regenerate when monsters are visible.
You are immune to unholy pain and torment.
You can survive without breathing.


Message History

The gargoyle is heavily damaged.
You hit the gargoyle.
The gargoyle is heavily damaged.
The gargoyle struggles against the net.
Your ring mail of Roaxuexi prevents you from hitting the gargoyle.
The gargoyle is heavily damaged.
Your ring mail of Roaxuexi prevents you from hitting the gargoyle.
The gargoyle is heavily damaged.
The gargoyle struggles against the net.
The net rips apart, and the gargoyle comes free!
You hit the gargoyle.
The gargoyle is severely damaged.
The gargoyle barely misses you.
You hit the gargoyle.
The gargoyle is severely damaged.
You hit the gargoyle.
The gargoyle is severely damaged.
The gargoyle hurls a stone arrow at you.
The stone arrow hits you!!
You die...

#.# #.#### #....#### #.##.##.#
########### #.##....#
#.........# #.#####.#### ###
#......}..####.#####....# #..
#...........##.9.%.#....#####..
#.........# #@....#........'..
#.........#, #.....#....#####..
#...)..<..#,*#.....#....# #..
#.........# ......##...# #..
###...###.#.#
##....########*#.. ......#
#.#.# * *....#.......####
.##.).# #.#.# ,
....+........... .##)#####.#.#
....#........### ..........#.#
.....##P...


You could see a gargoyle.

Vanquished Creatures
  A deep elf mage (D:9)
  A troll (D:10)
  3 hippogriffs
  Sigmund (D:6)
  A steam dragon (D:10)
  Menkaure (Ossuary)
  4 wargs
  3 water moccasins
  A porcupine (D:10)
  Purgy (Sewer)
  2 orc warriors
  2 sky beasts
  3 black bears
  5 ogres
  3 necrophages
  2 crocodiles
  An elf zombie (Ossuary)
  A wyvern zombie (D:6)
  2 gnoll sergeants
  6 bullfrogs
  A wyvern skeleton (D:9)
  5 scorpions
  7 wights
  3 howler monkeys (D:7)
  3 bullfrog zombies
  4 crimson imps
  2 centaur zombies (Ossuary)
  3 hounds
  2 human zombies (Ossuary)
  4 orc priests
  3 bullfrog skeletons
  11 orc wizards
  An iguana (D:7)
  Natasha (twice) (D:2)
  7 worker ants
  A killer bee zombie (D:7)
  3 ogre zombies (Ossuary)
  2 hound skeletons
  6 mummies (Ossuary)
  15 gnolls
  11 adders
  2 river rats (D:6)
  3 shadow imps
  An ooze (D:5)
  3 adder zombies
  An adder skeleton (D:7)
  2 worms
  2 dart slugs
  5 leopard geckos
  29 orcs
  7 ball pythons
  8 bats
  7 giant cockroaches
  9 goblins
  2 hobgoblins
  6 jackals
  A quokka (D:8)
  2 frilled lizards
  4 goblin zombies
  3 hobgoblin zombies (Ossuary)
  A jackal zombie (D:5)
  17 kobolds
  3 kobold zombies (Ossuary)
  A leopard gecko zombie (D:8)
  5 quokka zombies (Ossuary)
  7 rats
  6 rat zombies (Ossuary)
  2 fungi (D:10)
279 creatures vanquished.

Vanquished Creatures (others)
  Natasha (D:2)
  4 fungi (D:10)
5 creatures vanquished.

Grand Total: 284 creatures vanquished

Notes
Turn   | Place    | Note
-------+----------+-------------------------------------------
     0 | D:1      | Borgoz the Ghoul Assassin began the quest for the Orb.
     0 | D:1      | Reached XP level 1. HP: 17/17 MP: 0/0
    95 | D:1      | Reached skill level 1 in Dodging
   107 | D:1      | Reached XP level 2. HP: 12/24 MP: 1/1
   585 | D:1      | Reached XP level 3. HP: 27/30 MP: 2/2
   610 | D:1      | Reached skill level 1 in Armour
  1046 | D:2      | Noticed Natasha
  1053 | D:2      | Killed Natasha
  1061 | D:2      | Reached XP level 4. HP: 36/37 MP: 3/3
  1332 | D:2      | Noticed Natasha
  1352 | D:2      | Killed Natasha
  1433 | D:2      | Noticed Natasha
  1630 | D:2      | Killed Natasha
  1968 | D:2      | Reached XP level 5. HP: 25/41 MP: 4/4
  2882 | D:4      | Noticed an ogre
  2902 | D:4      | Noticed an ogre
  3119 | D:4      | Found Kythro's Jewellery Emporium.
  3196 | D:4      | Found a staircase to the Ecumenical Temple.
  3220 | Temple   | Entered the Ecumenical Temple
  3227 | Temple   | Became a worshipper of Ashenzari the Shackled
  3402 | D:4      | Reached XP level 6. HP: 27/51 MP: 5/5
  3569 | D:4      | Found Icyopp's Jewellery Shoppe.
  3709 | D:4      | Reached skill level 5 in Stealth
  3856 | D:5      | Entered Level 5 of the Dungeon
  3997 | D:5      | Reached XP level 7. HP: 12/57 MP: 6/6
  4089 | D:5      | Found a sand-covered staircase.
  4114 | Ossuary  | Entered an ossuary
  5125 | Ossuary  | Noticed Menkaure
  5135 | Ossuary  | Reached XP level 8. HP: 54/63 MP: 7/7
  5172 | Ossuary  | Killed Menkaure
  5466 | D:4      | Found Foepaqur's Food Shoppe.
  5503 | D:4      | Found Hemy's Antique Weapon Shoppe.
  5511 | D:4      | Bought a glowing short sword for 108 gold pieces
  6261 | D:5      | Reached skill level 5 in Short Blades
  6790 | D:6      | Found a glowing drain.
  6823 | Sewer    | Entered a sewer
  6870 | Sewer    | Noticed Purgy
  6872 | Sewer    | Killed Purgy
  6916 | Sewer    | Reached * piety under Ashenzari
  7223 | D:6      | Reached skill level 5 in Dodging
  7248 | D:6      | Got the cursed plate armour of the Ditch-Digger {rPois rC-
                  | Slay+2}
  7259 | D:6      | Identified the cursed +1 plate armour of the Ditch-Digger
                  | {rPois rC- Slay+2} (You found it on level 6 of the Dungeon)
  7373 | D:6      | Identified the cursed +1 ring mail of Roaxuexi {rF+++ Int-2
                  | Slay+3 SInv Stlth-}
  7440 | D:6      | Reached XP level 9. HP: 30/72 MP: 5/8
  7466 | D:6      | Reached skill level 5 in Armour
  7629 | D:6      | Noticed Sigmund
  7646 | D:6      | Reached XP level 10. HP: 48/80 MP: 5/9
  7687 | D:6      | Killed Sigmund
  8671 | D:7      | Reached skill level 5 in Fighting
  9648 | D:8      | Found an iron altar of Okawaru.
  9830 | D:8      | Found Lyadefer's Food Emporium.
 10489 | D:9      | Found Qeufye's Weapon Emporium.
 10744 | D:9      | Found Konwidgh's Weapon Shop.
 10749 | D:9      | Reached ** piety under Ashenzari
 10827 | D:9      | Reached XP level 11. HP: 81/88 MP: 10/10
 10942 | D:9      | Noticed a deep elf mage
 10956 | D:9      | Killed a deep elf mage
 10956 | D:9      | Reached skill level 1 in Evocations
 11284 | D:10     | Entered Level 10 of the Dungeon
 11759 | D:10     | Found a staircase to the Orcish Mines.
 11824 | D:10     | HP: 4/89 [warg (4)]
 11846 | D:10     | Found a staircase to the Lair.
 12341 | D:10     | Killed from afar by a gargoyle

Skill      XL: |  1  2  3  4  5  6  7  8  9 10 11 |
---------------+----------------------------------+-----
Dodging        | 1 2 3 4 5 8 9 |  9.1
Short Blades   | 2 3 4 5 8 9 |  9.3
Armour         | 1 2 3 4 8 9 |  9.0
Fighting       | 3 4 5 |  5.8
Stealth        | 5 6 7 |  7.2
Evocations     | 1 |  1.7
Throwing       | |  1.7

Action                   |  1- 3 |  4- 6 |  7- 9 | 10-12 || total
-------------------------+-------+-------+-------+-------++-------
Melee: Dagger            |   114 |   334 |   486 |   281 ||  1215
       Short sword       |       |       |       |   516 ||   516
 Fire: Blowgun           |       |       |     6 |       ||     6
Throw: Throwing net      |       |       |       |     2 ||     2
Invok: Curse Item        |       |       |       |     2 ||     2
Evoke: Wand              |       |       |    22 |       ||    22
  Use: Potion            |       |     7 |     9 |     4 ||    20
       Scroll            |       |     6 |     7 |     4 ||    17
 Stab: Sleeping          |     4 |     8 |    18 |     1 ||    31
       Invisible         |       |       |     5 |     2 ||     7
       Distracted        |       |       |       |     1 ||     1
  Eat: Chunk             |     6 |     9 |    13 |    14 ||    42
       Ration            |       |       |     1 |       ||     1
Armor: Robe              |    24 |    14 |       |       ||    38
       Ring mail         |       |    77 |   100 |   157 ||   334
       Plate armour      |       |       |    48 |    54 ||   102
Dodge: Dodged            |    66 |   209 |   260 |   408 ||   943
